 Dungeon Crawl Stone Soup version 0.30-a0-322-g102857c98e (webtiles) character file.

Game seed: 2046666814906269852

2754 funkygono the Arsonist (level 9, 0/46 HPs)
             Began as a Gargoyle Fire Elementalist on Oct 27, 2022.
             Slain by Duvessa
             ... wielding a +5 short sword of venom
              (7 damage)
             ... on level 7 of the Dungeon.
             The game lasted 00:11:34 (6688 turns).

funkygono the Arsonist (Gargoyle Fire Elementalist) Turns: 6688, Time: 00:11:34

Health: 0/46       AC: 14    Str: 18    XL:     9   Next: 68%
Magic:  0/20       EV: 12    Int: 20    God:
Gold:   418        SH:  0    Dex: 10    Spells: 11/23 levels left

rFire   . . .      SeeInvis .    p - +3 flail (protect)
rCold   . . .      Faith    .    (no shield)
rNeg    + . .      Spirit   .    G - +0 steam dragon scales
rPois   ∞          Reflect  .    E - +0 helmet
rElec   +          Harm     .    (no cloak)
rCorr   .          Rampage  .    B - +1 pair of gloves
Will    +....                    (no boots)
Stlth   ++........               u - amulet of the acrobat
HPRegen 0.27/turn                s - +6 ring of strength
MPRegen 0.17/turn                n - ring of willpower

@: brilliant, very slightly contaminated
A: sickness immunity, AC +6, negative energy resistance 1, electricity
resistance, torment resistance 1, petrification resistance
a: no special abilities


You were on level 7 of the Dungeon.
You visited 2 branches of the dungeon, and saw 8 of its levels.

You collected 418 gold pieces.

Inventory:

Hand Weapons
 d - a +0 mace
 p - a +3 flail of protection (weapon)
 t - a +0 whip of electrocution
 y - a +0 whip of flaming
Missiles
 o - a throwing net
Armour
 a - a +0 robe
 B - a +1 pair of gloves (worn)
 E - a +0 helmet (worn)
 G - +0 steam dragon scales (worn)
Jewellery
 e - a +6 ring of dexterity
 h - a +6 ring of dexterity
 n - a ring of willpower (right hand)
 s - a +6 ring of strength (left hand)
 u - an amulet of the acrobat (around neck)
Wands
 c - a wand of paralysis (8)
 F - a wand of roots (11)
Scrolls
 j - a scroll of blinking
 k - a scroll of enchant weapon {unknown}
 m - 3 scrolls of vulnerability
 A - 2 scrolls of immolation
Potions
 b - a potion of haste {unknown}
 f - 6 potions of lignification
 g - a potion of mutation {unknown}
 i - a potion of flight {unknown}
 q - a potion of cancellation
 r - a potion of heal wounds {unknown}
 w - 3 potions of attraction
 x - 3 potions of might
 C - 2 potions of brilliance
 D - a potion of resistance {unknown}


   Skills:
 + Level 0.8 Fighting
 + Level 1.2 Maces & Flails
 + Level 2.3 Dodging
 + Level 3.1 Stealth
 * Level 7.6 Spellcasting
 * Level 5.9 Conjurations
 * Level 8.5 Fire Magic


You had 11 spell levels left.
You knew the following spells:

 Your Spells              Type           Power      Damage    Failure   Level
a - Foxfire               Conj/Fire      100%       2x1d9     1%          1
b - Scorch                Fire           100%       2d10      1%          2
c - Kindle Blastsparks    Fire/Tloc/Air  56%        2d14      9%          3
d - Flame Wave            Conj/Fire      53%        2d13      4%          4
e - Searing Ray           Conj           94%        2d7       1%          2

Your spell library contained the following spells:

 Spells                   Type           Power      Damage    Failure   Level
 Magic Dart               Conj           100%       1d8       1%          1
 Inner Flame              Hex/Fire       37%        N/A       4%          3
 Fulminant Prism          Conj/Hex       14%        3d9       26%         4
 Freezing Cloud           Conj/Ice/Air   11%        6-21      73%         5
 Simulacrum               Ice/Necr       5%         N/A       100%        6
 Polar Vortex             Ice            5%         N/A       100%        9


Dungeon Overview and Level Annotations

Branches:
Dungeon (7/15)             Temple (1/1) D:6

Altars:
Ashenzari
Elyvilon
Fedhas
Gozag
Hepliaklqana
Kikubaaqudgha
Qazlal
Ru
Uskayaw
Wu Jian
Yredelemnul
The Shining One

Annotations:
D:7 2 transporters, Duvessa; Pim's ghost, novice GnTm


Innate Abilities, Weirdness & Mutations

You are immune to sickness and miasma.
Your stone body is resilient. (AC +6)
You are immune to poison.
You resist negative energy. (rN+)
You are resistant to electric shocks. (rElec)
You are resistant to unholy torment.
You are immune to petrification.


Message History

Casting: Scorch (safe; 1% risk of failure)
Confirm with . or Enter, or press ? or * to list all spells.
You miscast Scorch.
You are very lightly contaminated with residual magic.
Nothing appears to happen.
Duvessa hits you with a +5 short sword of venom. x2
Unknown command.
Casting: Scorch (safe; 1% risk of failure)
Confirm with . or Enter, or press ? or * to list all spells.
Flames lash Duvessa.
Duvessa is almost dead.
Duvessa hits you with a +5 short sword of venom.
Unknown command.
Casting: Scorch (safe; 1% risk of failure)
Confirm with . or Enter, or press ? or * to list all spells.
Flames lash Duvessa but do no damage.
Duvessa barely misses you.
Duvessa hits you with a +5 short sword of venom!
* * * LOW HITPOINT WARNING * * *
Unknown command.
Casting: Scorch (safe; 1% risk of failure)
Confirm with . or Enter, or press ? or * to list all spells.
You conjure some foxfire!
Duvessa hits you but does no damage.
You feel better.
The foxfire hits Duvessa but does no damage.
Duvessa is almost dead.
The foxfire hits Duvessa but does no damage.
Duvessa is almost dead.
Duvessa barely misses you.
Duvessa hits you with a +5 short sword of venom!
* * * LOW HITPOINT WARNING * * *
It was a potion of brilliance.
You feel clever all of a sudden. Duvessa barely misses you.
Okay, then.
Aiming: Paralyse
Press: ? - help, Shift-Dir - straight line, f - Duvessa
Aim: Duvessa, wielding a +5 short sword of venom and wearing a +2 scale mail of fire resistance (severely wounded, berserk, more vulnerable to fire, chance to affect: 31%) Duvessa easily resists.
Duvessa barely misses you.
Duvessa hits you with a +5 short sword of venom!
You die...

##### ###...#####
##........>###
###.............
..#######....#####......
...........### ###....
......e@.### #####
......)### #...### ###
### #.. #.# #.. #.#


You could see Duvessa (berserk, combustible).

Vanquished Creatures
  Pikel (D:6)
  Maggie (D:6)
  Grinder (D:3)
  Edmund (D:5)
  A sky beast (D:7)
  2 ice beasts
  2 black bears
  A centaur (D:6)
  An ogre (D:5)
  4 lemures
  A bullfrog (D:6)
  A scorpion (D:5)
  4 wights
  Dowan (D:7)
  A vampire bat (D:7)
  2 howler monkeys
  4 hounds
  4 jellies
  2 orc priests (D:6)
  4 iguanas
  4 gnolls (D:7)
  6 adders
  2 shadow imps
  A white imp (D:7)
  An ufetubus (D:5)
  2 worms
  9 orcs
  7 ball pythons
  10 endoplasms
  5 giant cockroaches
  15 goblins
  12 hobgoblins
  4 jackals (D:1)
  A quokka (D:1)
  11 bats
  2 frilled lizards
  7 kobolds
  4 rats
142 creatures vanquished.

Vanquished Creatures (others)
  500 foxfires
500 creatures vanquished.

Grand Total: 642 creatures vanquished

Notes
Turn   | Place    | Note
-------+----------+-------------------------------------------
     0 | D:1      | funkygono the Gargoyle Fire Elementalist began the quest
                  | for the Orb.
     0 | D:1      | Reached XP level 1. HP: 10/10 MP: 3/3
   161 | D:1      | Reached XP level 2. HP: 15/15 MP: 1/5
   546 | D:1      | Reached XP level 3. HP: 13/19 MP: 0/6
   558 | D:1      | Learned a level 2 spell: Scorch
   562 | D:1      | Learned a level 3 spell: Kindle Blastsparks
   987 | D:1      | Found a faded altar of an unknown god.
  1172 | D:2      | Reached skill level 4 in Fire Magic
  1424 | D:2      | Reached XP level 4. HP: 24/24 MP: 2/7
  1940 | D:2      | You fall into a shaft and drop 2 floors!
  1984 | D:3      | Noticed Grinder
  2025 | D:3      | Found an ancient bone altar of Kikubaaqudgha.
  2851 | D:3      | Found a broken altar of Ashenzari.
  2923 | D:3      | Killed Grinder
  2924 | D:3      | Reached XP level 5. HP: 17/28 MP: 6/10
  2924 | D:3      | Reached XP level 6. HP: 19/32 MP: 6/11
  2980 | D:3      | Learned a level 4 spell: Flame Wave
  2995 | D:3      | Reached skill level 5 in Fire Magic
  3035 | D:3      | Found an opulent altar of Gozag.
  3516 | D:4      | Noticed a black bear
  3523 | D:4      | Killed a black bear
  3754 | D:4      | Reached XP level 7. HP: 36/36 MP: 3/13
  3936 | D:5      | Entered Level 5 of the Dungeon
  4017 | D:5      | Found a hide-covered altar of Uskayaw.
  4201 | D:5      | Noticed Edmund
  4215 | D:5      | Killed Edmund
  4216 | D:5      | Reached skill level 5 in Spellcasting
  4216 | D:5      | Reached skill level 6 in Fire Magic
  4458 | D:5      | Reached XP level 8. HP: 41/41 MP: 7/15
  4709 | D:6      | Noticed Pikel
  4990 | D:6      | Killed Pikel
  4991 | D:6      | Reached skill level 7 in Fire Magic
  5022 | D:6      | Reached skill level 5 in Conjurations
  5177 | D:6      | Reached XP level 9. HP: 25/46 MP: 6/19
  5509 | D:6      | Reached skill level 1 in Maces & Flails
  5867 | D:6      | Noticed Maggie
  5874 | D:6      | Killed Maggie
  5875 | D:6      | Reached skill level 8 in Fire Magic
  5925 | D:6      | Found a staircase to the Ecumenical Temple.
  5934 | Temple   | Entered the Ecumenical Temple
  6000 | D:6      | Learned a level 2 spell: Searing Ray
  6070 | D:7      | Found a transporter.
  6079 | D:7      | Noticed Pim's ghost (novice GnTm)
  6084 | D:7      | Noticed a moth of wrath
  6096 | D:7      | Found a transporter.
  6671 | D:7      | Noticed Duvessa
  6671 | D:7      | Noticed Dowan
  6678 | D:7      | Killed Dowan
  6688 | D:7      | Slain by Duvessa

Illustrated notes

Levels and vault maps discovered:
D:1:      sevenhm_arrival_forest_fort_small_3, layout_basic,
          shapermc_ecumenical_altar_acropolis, minmay_misc_feat_encased,
          minivault_19
D:2:      cheibrodos_greedy_goblins, layout_basic
D:3:      layout_basic, nicolae_ashenzari_skybound,
          mainiacjoe_overflow_small_starburst,
          nicolae_kikubaaqudgha_miasma_corner, uniq_grinder
D:4:      layout_rooms
D:5:      layout_basic, mainiacjoe_overflow_tiny_flanked, uniq_edmund
D:6:      layout_rooms, lemuel_temple_firewalk_b, uniq_pikel, uniq_maggie
D:7:      layout_layer_cave, gammafunk_ghost_berserking_beasts,
          minmay_misc_feat_nine_boxes, roderic_batcave, palyth_stone_intersect,
          uniq_duvessa
Temple:   hellmonk_temple_rainy

Skill      XL: |  1  2  3  4  5  6  7  8  9 |
---------------+----------------------------+-----
Fire Magic     | 4 5 6 7 8 |  8.5
Conjurations   | 3 4 5 |  5.9
Spellcasting   | 3 4 5 6 7 |  7.6
Stealth        | 3 |  3.1
Dodging        | 2 |  2.3
Maces & Flails | 1 |  1.2
Fighting       | |  0.8

Action                   |  1- 3 |  4- 6 |  7- 9 || total
-------------------------+-------+-------+-------++-------
Melee: Whip              |    18 |     6 |     2 ||    26
       Unarmed           |     2 |       |       ||     2
       Flail             |       |       |    23 ||    23
       Punch             |       |       |     1 ||     1
 Cast: Foxfire           |    72 |    66 |   148 ||   286
       Scorch            |     3 |     6 |    49 ||    58
       Flame Wave        |       |       |     2 ||     2
Evoke: Wand              |       |       |     1 ||     1
  Use: Potion            |       |     1 |     3 ||     4
       Scroll            |       |       |    13 ||    13
 Stab: Sleeping          |       |     1 |       ||     1
Armor: Robe              |    21 |     1 |    22 ||    44
       Steam dragon scal |       |       |     7 ||     7
Dodge: Dodged            |    36 |    12 |    56 ||   104

Table legend: (Time is in decaauts)
 A = Elapsed time spent in this place.
 B = Non-inter-level travel time spent in this place.
 C = Inter-level travel time spent in this place.
 D = Time resting spent in this place.
 E = Time spent auto-exploring this place.
 F = Levels seen in this place.
 G = Mean time per level.
                   A        B        C        D        E       F      G
               +--------+--------+--------+--------+--------+-----+--------+
         Total |   6696 |   6540 |    156 |    489 |   4731 |   8 |  837.0 |
       Dungeon |   6673 |   6530 |    143 |    489 |   4722 |   7 |  953.3 |
        Temple |     23 |     11 |     12 |      0 |      9 |   1 |   23.0 |
               +--------+--------+--------+--------+--------+-----+--------+

Top non-repeatable levels by time:
     D:2: 1216 daAuts
     D:5: 1165 daAuts
     D:1: 1066 daAuts
     D:3: 952 daAuts
     D:6: 917 daAuts
     D:4: 699 daAuts
     D:7: 655 daAuts
  Temple: 23 daAuts
